 Dungeon Crawl Stone Soup version 0.16-a0-4133-g472b14a (webtiles) character file.

318 MrRokkomies the Insei (level 6, -8/29 HPs)
             Began as a Vine Stalker Transmuter on Mar 3, 2015.
             Killed by divine providence
             ... invoked by an orc priest
              (13 damage)
             ... on level 4 of the Dungeon.
             The game lasted 00:10:04 (3053 turns).

MrRokkomies the Insei (Vine Stalker Transmuter)     Turns: 3053, Time: 00:10:04

Health: -8/29      AC:  4    Str: 14    XL:     6   Next: 45%
Magic:  0/12       EV: 13    Int: 13    God:
Gold:   200        SH:  0    Dex: 15    Spells: 3 memorised, 3 levels left

rFire  . . .     SeeInvis .     b - +0 blowgun
rCold  . . .     Clarity  .     c - +0 robe
rNeg   . . .     SustAb   .     (no shield)
rPois  .         Gourm    .     (no helmet)
rElec  .         Spirit   +     g - +0 cloak
rCorr  .         Warding  .     w - +0 pair of gloves (curse)
rMut   .         Stasis   .     (no boots)
MR     .....                    h - amulet of rage
Stlth  ++........               (no ring)
                                q - ring of stealth

@: very slightly contaminated, not resistant to hostile enchantments, unstealthy
A: fangs 2, regeneration 2, magic shield, antimagic bite, no device heal 3, rot
immunity
a: Evoke Berserk Rage


You were on level 4 of the Dungeon.
You were not hungry.

You visited 1 branch of the dungeon, and saw 4 of its levels.

You collected 200 gold pieces.

Inventory:

Hand weapons
 b - a +0 blowgun (weapon)
 i - a +0 dagger of draining
Missiles
 l - 41 stones
 m - 40 poisoned needles (quivered)
 t - 52 arrows
Armour
 c - a +0 robe (worn)
 g - a +0 cloak (worn)
 w - a cursed +0 pair of gloves (worn)
Jewellery
 h - an amulet of rage (around neck)
 q - a ring of stealth (left hand)
 r - an uncursed ring of flight
Magical devices
 n - a wand of magic darts (22)
Scrolls
 y - a scroll of remove curse
Potions
 e - 2 potions of curing
 f - a potion of magic
 j - a potion of ambrosia
 k - a potion of brilliance {unknown}
 p - a potion of restore abilities {unknown}
 s - a potion of invisibility {unknown}
 u - a potion of poison {unknown}
Books
 d - a book of Changes

   Spells                             Type                      Level
   a - Beastly Appendage              Transmutation                1
   b - Sticks to Snakes               Transmutation                2
   c - Spider Form                    Transmutation/Poison         3
   d - Ice Form                       Ice/Transmutation            4
   e - Blade Hands                    Transmutation                5
Comestibles
 a - 5 bread rations
 o - a royal jelly
 x - a meat ration
 z - 2 slices of pizza


   Skills:
 - Level 0.8 Fighting
 + Level 2.7 Dodging
 * Level 5.1 Unarmed Combat
 - Level 2.1 Spellcasting
 * Level 4.2 Transmutations


You had 3 spell levels left.
You knew the following spells:

 Your Spells              Type           Power        Failure   Level  Hunger
a - Beastly Appendage     Trmt           ##....       6%          1    ##.....
b - Sticks to Snakes      Trmt           ##........   10%         2    ###....
c - Spider Form           Trmt/Pois      #.........   34%         3    ####...


Dungeon Overview and Level Annotations

Branches:
Dungeon (4/15)
 Temple: D:4-7

Altars:
Dithmenos


Innate Abilities, Weirdness & Mutations

You have extremely sharp teeth.
You heal very quickly.
When hurt, damage is shared between your health and your magic reserves.
Your bite disrupts and absorbs the magic of your enemies.
Potions and wands cannot restore your health.
You are immune to rotting.


Message History

* * * LOW HITPOINT WARNING * * *
Read which item? (? for menu, Esc to quit)
Okay, then.
Unknown command.
b - a +0 blowgun (weapon)
The orc barely misses you.
The orc priest hits you with a hand axe!
* * * LOW HITPOINT WARNING * * *
Firing (i - inventory. (,) - cycle):
m - 41 poisoned needles (quivered)
Press: ? - help, Shift-Dir - straight line, f - orc priest
Aim: an orc priest, wielding a hand axe (heavily wounded)
You shoot a poisoned needle.
The poisoned needle hits the orc priest.
The orc priest is poisoned.
The orc priest is heavily wounded.
The orc closely misses you.
You see here a mace.
The orc priest mumbles some strange prayers to Beogh against you.
Something smites you!
You die...

#(.## ..# #).#
#.# #.o# #.# ##.#
#.# #.# ##.# ##o#
##..## #).#
##....### #
#..####.......##
#
#..@...####....##
## ###...##
##....###. #####
#.....(..
#........
#.......#
##........
##.........
#..........
....#######.


You could see an orc priest and an orc.

Vanquished Creatures
  2 scorpions (D:4)
  Crazy Yiuf (D:2)
  An orc priest (D:4)
  A worker ant (D:4)
  Ijyb (D:2)
  4 adders
  A worm (D:2)
  2 giant geckos
  6 orcs
  A bat skeleton (D:4)
  2 giant cockroaches
  6 hobgoblins
  5 jackals
  10 kobolds
  3 quokkas
  2 ball pythons
  6 bats
  5 giant newts
  9 goblins
  7 rats
75 creatures vanquished.

Notes
Turn   | Place    | Note
--------------------------------------------------------------
     0 | D:1      | MrRokkomies, the Vine Stalker Transmuter, began the quest for the Orb.
     0 | D:1      | Reached XP level 1. HP: 9/9 MP: 3/3
   181 | D:1      | Reached XP level 2. HP: 6/14 MP: 5/5
   628 | D:1      | Reached XP level 3. HP: 15/17 MP: 5/7
   984 | D:2      | Found a shadowy altar of Dithmenos.
  1232 | D:2      | Learned a level 2 spell: Sticks to Snakes
  1232 | D:2      | Noticed Ijyb
  1248 | D:2      | Killed Ijyb
  1298 | D:2      | Reached skill level 4 in Unarmed Combat
  1354 | D:2      | Reached XP level 4. HP: 21/21 MP: 8/8
  1574 | D:2      | Found a shadowy altar of Dithmenos.
  1829 | D:2      | Learned a level 3 spell: Spider Form
  1829 | D:2      | Noticed Crazy Yiuf
  1838 | D:2      | Killed Crazy Yiuf
  1967 | D:3      | Reached XP level 5. HP: 23/25 MP: 11/11
  2822 | D:4      | Gained mutation: You heal very quickly. [vine stalker growth]
  2822 | D:4      | Reached XP level 6. HP: 26/29 MP: 7/12
  2932 | D:4      | Reached skill level 5 in Unarmed Combat
  3053 | D:4      | Killed from afar by an orc priest

Action                   |  1- 3 |  4- 6 || total
-------------------------+-------+-------++-------
Melee: Unarmed           |   116 |   116 ||   232
 Fire: Blowgun           |       |     7 ||     7
 Cast: Beastly Appendage |     8 |     6 ||    14
       Spider Form       |       |     4 ||     4
  Use: Scroll            |     4 |     5 ||     9
       Potion            |       |     1 ||     1
 Stab: Sleeping          |     2 |     6 ||     8
  Eat: Chunk             |     2 |     6 ||     8
